 Dungeon Crawl Stone Soup version 0.31.0-12-g77e489cdc1 (webtiles) character file.

Game seed: 4296466858226204295

71 MollyMolluskus the Trooper (level 4, -4/31 HPs)
             Began as an Octopode Fighter on Feb 13, 2024.
             Slain by a gnoll
             ... wielding a +0 spear
              (6 damage)
             ... on level 2 of the Dungeon.
             The game lasted 00:03:13 (935 turns).

MollyMolluskus the Trooper (Octopode Fighter)        Turns: 935, Time: 00:03:13

Health: -4/31      AC:  1    Str: 15 (17) XL:     4   Next: 24%
Magic:  4/4        EV: 13    Int:  7 (10) God:
Gold:   94         SH:  4    Dex:  9 (11) Spells: 3/3 levels left

rFire   . .          .
                       - Unarmed
rCold   . . .        a - +0 buckler
rNeg    . . .        (helmet restricted)
rPois   .            (no amulet)
rElec   .            (no ring)
rCorr   .            (no ring)
SInv    .            (no ring)
Will    .....        (no ring)
Stlth   +++          (no ring)
HPRegen 0.25/turn    (no ring)
MPRegen 0.09/turn    (no ring)
                     (no ring)

%: no passive effects
@: mighty
A: almost no armour, amphibious, 8 rings, camouflage 1, gelatinous body 1,
(nimble swimmer 1), tentacles
a: no special abilities


You were on level 2 of the Dungeon.
You visited 1 branch of the dungeon, and saw 2 of its levels.

You collected 94 gold pieces.

Inventory:

Missiles
 d - 12 stones (quivered)
Armour
 a - a +0 buckler (worn)
Potions
 c - a potion of curing
 e - a potion of degeneration


   Skills:
 + Level 3.3 Fighting
 + Level 3.3 Dodging
 + Level 2.0 Stealth
 + Level 3.3 Shields
 * Level 3.0 Unarmed Combat


You had 3 spell levels left.
You didn't know any spells.
Your spell library contained the following spells:

 Spells                   Type           Power      Damage    Failure   Level
 Tukima's Dance           Hex            0%         N/A       88%         3
 Dimensional Bullseye     Hex/Tloc       0%         N/A       99%         4
 Iskenderun's Mystic Bla  Conj/Tloc      0%         2d3       99%         4


Dungeon Overview and Level Annotations

Branches:
Dungeon (2/15)

Altars:


Innate Abilities, Weirdness & Mutations

You cannot wear most types of armour.
You are amphibious.
You can wear up to eight rings at the same time.
Your skin changes colour to match your surroundings (Stealth+).
Your rubbery body absorbs attacks. (AC +1, EV +1)
((You are camouflaged when in or above water. (Stealth+)))
You have tentacles for arms and can constrict up to eight enemies at once.


Message History

The dart slug closely misses you.
You tentacle-slap the dart slug. Your grab misses the dart slug.
The dart slug is heavily wounded.
You tentacle-slap the dart slug. You grab the dart slug.
You squeeze the dart slug.
The dart slug is almost dead.
You constrict the dart slug.
You kill the dart slug!
A gnoll comes into view. It is wielding a +0 spear.
A gnoll comes into view. It is wielding a +0 spear.
A gnoll comes into view. It is wielding a +0 flail.
You see here a scroll labelled TUTEWN XOHADD.
A gnoll comes into view. It is wielding a +0 whip.
The gnoll shouts! x2
You block the gnoll's attack. x2
You barely miss the gnoll. Your grab misses the gnoll.
The gnoll barely misses you. The gnoll hits you with a +0 spear.
Unknown command.
You tentacle-slap the gnoll. Your grab misses the gnoll.
Your squeeze misses the gnoll.
The gnoll is lightly wounded.
You block the gnoll's attack.
Unknown command.
You tentacle-slap the gnoll. Your grab misses the gnoll. You squeeze the gnoll!
The gnoll is almost dead.
The gnoll hits you with a +0 spear. The gnoll closely misses you.
The gnoll hits you with a +0 flail!
Unknown command.
You feel very mighty all of a sudden. The gnoll hits you with a +0 spear.
* * * LOW HITPOINT WARNING * * *
The gnoll hits you with a +0 spear.
* * * LOW HITPOINT WARNING * * *
The gnoll closely misses you.
Unknown command.
It was a potion of degeneration.
There was something very wrong with that liquid.
You feel weakened.
You feel dopey.
You feel clumsy. The gnoll hits you with a +0 spear.
You die...

...###....#######.#
.### #....#
##.####.## .#
#....# #..$......
.# #....#
#..####.## .#
###### #..# #######
#.?# ....... #..#
####### #..# # #@g#
# #gg# # #g.# #
#..# # #..# # #..#
#..# ...#


You could see 4 gnolls.

Vanquished Creatures
  2 adders (D:2)
  3 dart slugs
  4 bats
  4 endoplasms
  2 giant cockroaches (D:1)
  4 goblins
  6 hobgoblins (D:1)
  3 jackals (D:1)
  2 quokkas (D:1)
  3 ball pythons (D:1)
  2 frilled lizards
  3 kobolds
  2 rats (D:2)
40 creatures vanquished.

Notes
Turn   | Place    | Note
-------+----------+-------------------------------------------
     0 | D:1      | MollyMolluskus the Octopode Fighter began the quest for the
                  | Orb.
     0 | D:1      | Reached XP level 1. HP: 16/16 MP: 1/1
    73 | D:1      | Reached XP level 2. HP: 17/21 MP: 2/2
   111 | D:1      | Reached skill level 1 in Stealth
   318 | D:1      | Reached XP level 3. HP: 25/26 MP: 3/3
   469 | D:1      | Found a faded altar of an unknown god.
   836 | D:2      | Reached XP level 4. HP: 30/31 MP: 4/4
   935 | D:2      | Slain by a gnoll

Illustrated notes

Levels and vault maps discovered:
D:1:      reono_arrival_forest_river, layout_rooms,
          shapermc_ecumenical_altar_pompeii
D:2:      layout_basic

Skill      XL: |  1  2  3  4 |
---------------+-------------+-----
Stealth        | 1 2 |  2.0
Unarmed Combat | 3 |  3.0
Fighting       | |  3.3
Dodging        | |  3.3
Shields        | |  3.3

Action                     |  1- 3 |  4- 6 || total
---------------------------+-------+-------++-------
  Melee: Unarmed           |    76 |    10 ||    86
         Constrict         |    20 |     2 ||    22
         Tentacles         |    14 |     3 ||    17
  Throw: Stone             |     1 |       ||     1
    Use: Scroll            |     1 |       ||     1
         Potion            |       |     2 ||     2
   Stab: Sleeping          |     7 |     1 ||     8
 Armour: Skin              |    22 |     6 ||    28
  Dodge: Dodged            |    33 |     7 ||    40
  Block: Buckler           |    11 |     6 ||    17
